 Dungeon Crawl Stone Soup version bcrawl-1.36.4 (webtiles) character file.

Game seed: 2067885043528308689

172170 Darthill6464 the Charmwright (level 5, -4/31 HPs)
             Began as a Skeleton Skald on Aug 10, 2022.
             Slain by an ogre
             ... wielding a +0 giant club
              (22 damage)
             ... on level 3 of the Dungeon.
             The game lasted 00:05:46 (2672 turns).

Darthill6464 the Charmwright (Skeleton Skald)       Turns: 2672, Time: 00:05:47

Health: -4/31      AC:  7    Str: 18      XL:     5   Next: 86%
Magic:  0/11       EV: 12    Int: 11 (12) God:
Gold:   188        SH:  2    Dex:  8      Spells: 6/12 levels left

rFire    . . .     SeeInvis .   a - +0 trident
rCold    + . .     Gourm    .   (no shield)
rNeg     + + +     Faith    .   b - +0 leather armour
rPois    ∞         Spirit   +   j - +0 helmet
rElec    .         Reflect  .   (no cloak)
rCorr    .         Rnd*Tele +   (no gloves)
MR       .....                  (no boots)
Stlth    +.........             d - amulet of magic regeneration
HPRegen  0.10/turn              g - +3 ring of protection
MPRegen  0.24/turn              h - ring of teleportation (curse)

@: singing
A: no food or potions, cold resistance 1, deterioration 1, negative energy
resistance 3, torment resistance, unbreathing, magic shield, sturdy frame 1,
spell healing
a: no special abilities


You were on level 3 of the Dungeon.
You were not hungry.

You visited 1 branch of the dungeon, and saw 4 of its levels.

You collected 188 gold pieces.

Inventory:

Hand Weapons
 a - a +0 trident (weapon)
Armour
 b - a +0 leather armour (worn)
 j - a +0 helmet (worn)
Jewellery
 d - an amulet of magic regeneration (around neck)
 g - a +3 ring of protection (left hand)
 h - a cursed ring of teleportation (right hand)
Wands
 l - a wand of polymorph (1)
 m - a wand of acid (10)
Scrolls
 c - 5 scrolls of enchant weapon
 e - 2 scrolls of fear
 f - a scroll of magic mapping
 i - 5 scrolls of identify
 k - 2 scrolls of amnesia {unknown}


   Skills:
 + Level 2.6 Fighting
 + Level 4.3 Polearms
 + Level 1.1 Armour
 + Level 3.1 Dodging
 + Level 0.5 Stealth
 + Level 4.3 Spellcasting
 + Level 4.6 Charms


You had 6 spell levels left.
You knew the following spells:

 Your Spells              Type           Power        Failure   Level  Hunger
a - Infusion              Chrm           ##......     3%          1    N/A
b - Song of Slaying       Chrm           ##......     5%          2    N/A
c - Spectral Weapon       Hex/Chrm       #.......     26%         3    N/A

Your spell library contained the following spells:

 Spells                   Type           Power        Failure   Level  Hunger
 Swiftness                Chrm/Air       #.......     14%         2    N/A
 Ozocubu's Armour         Chrm/Ice       #.......     28%         3    N/A
 Confuse                  Hex            #.......     56%         3    N/A
 Dazzling Orbs            Conj/Hex       #......      56%         3    N/A
 Petrify                  Tmut/Erth      #.........   93%         4    N/A
 Yara's Violent Unravell  Hex/Tmut       #.........   93%         4    N/A
 Metabolic Englaciation   Hex/Ice        #.........   100%        5    N/A
 Silence                  Hex/Air        #.........   100%        5    N/A
 Summon Lightning Spire   Summ/Air       #.......     100%        5    N/A
 Conjure Ball Lightning   Conj/Air       #.........   100%        6    N/A
 Deflect Missiles         Chrm/Air       #.........   100%        6    N/A
 Mana Rupture             Conj/Hex       #.........   100%        7    N/A
 Tornado                  Tloc/Air       #.........   100%        8    N/A
 Regeneration             Chrm/Necr      Unusable     N/A         3    N/A

Dungeon Overview and Level Annotations

Branches:
Dungeon (4/12)
 Temple: D:4-7

Altars:

Annotations:
D:4 Duvessa


Innate Abilities, Weirdness & Mutations

You do not eat or drink.
You are immune to poison.
Your flesh is cold resistant. (rC+)
Your body sometimes deteriorates upon taking damage.
You are immune to negative energy. (rN+++)
You are immune to unholy pain and torment.
You can survive without breathing.
When hurt, damage is shared between your health and your magic reserves.
Your movements are slightly less encumbered by armour. (ER -2)
Casting spells heals you.


Message History

Partly explored, can't reach some items.
Partly explored, can't reach some items.
(D) Dungeon
Where to? (Enter - D:4, ? - help)
You climb downwards.
Level annotation: Duvessa A rune on the stairs sparks and fizzles.
The ogre hits you with a +0 giant club!!
There is a stone staircase leading up here.
You are too injured to fight recklessly!
The ogre hits you with a +0 giant club.
A rune on the stairs sparks and fizzles.
You climb upwards.
There is a stone staircase leading down here.
Casting: Infusion (safe; 3% risk of failure)
Confirm with . or Enter, or press ? or * to list all spells.
You start singing a song of slaying.
The ogre hits you with a +0 giant club!!
Ouch! That really hurt!
You die...

.......#### #.##+#...#........#
..........# #.##.#...#........#
..†.......# #.##.#...#........#
..........# #..#.#...###.######
..........# ##.#.#...# #.#
.!........# #...#...###.##
.#'######## ##..#....##..######
.#.#############..###............
.#.#...........)@O....#)#...####.
.#.#.###########.###.##.##.....#.
.#...#.# #.# #..###..#.#...
.......# #.# #..##..##.##..
######.# #.# #..###![###... #.#
#.###.##.##..#...# #.#
#......#.#..###..# #.#
######.).†.##.##.# #.#
#####..#.#..#


You could see an ogre.

Vanquished Creatures
  A howler monkey (D:4)
  A bullfrog skeleton (D:3)
  Ijyb (D:3)
  A worker ant (D:2)
  6 adders (D:3)
  2 adder skeletons (D:4)
  A worm (D:3)
  A dart slug (D:1)
  4 leopard geckos
  2 orcs
  3 giant cockroaches
  5 goblins
  11 hobgoblins
  4 jackals (D:3)
  10 kobolds
  3 quokkas
  2 ball pythons
  2 bats
  2 frilled lizards
  A rat (D:1)
  A plant (D:1)
64 creatures vanquished.

Notes
Turn   | Place    | Note
-------+----------+-------------------------------------------
     0 | D:1      | Darthill6464 the Skeleton Skald began the quest for the
                  | Orb.
     0 | D:1      | Reached XP level 1. HP: 12/12 MP: 4/4
   132 | D:1      | Reached XP level 2. HP: 17/17 MP: 0/6
   135 | D:1      | Learned a level 2 spell: Song of Slaying
   931 | D:2      | Reached XP level 3. HP: 20/21 MP: 3/7
  1150 | D:2      | Learned a level 3 spell: Spectral Weapon
  1678 | D:3      | Reached XP level 4. HP: 19/27 MP: 3/9
  1906 | D:3      | Noticed Ijyb
  1914 | D:3      | Paralysed by Ijyb for 2 turns
  1932 | D:3      | Killed Ijyb
  2110 | D:3      | Found a faded altar of an unknown god.
  2172 | D:3      | Reached XP level 5. HP: 31/31 MP: 10/10
  2538 | D:4      | Noticed a sky beast
  2547 | D:4      | Noticed Duvessa
  2553 | D:4      | Noticed an ogre
  2672 | D:3      | Slain by an ogre

Skill      XL: |  1  2  3  4  5 |
---------------+----------------+-----
Charms         | 4 |  4.6
Polearms       | 3 4 |  4.3
Dodging        | 3 |  3.1
Spellcasting   | 4 |  4.3
Fighting       | |  2.6
Armour         | |  1.1
Stealth        | |  0.5

Action                   |  1- 3 |  4- 6 || total
-------------------------+-------+-------++-------
Melee: Trident           |   115 |   107 ||   222
 Cast: Infusion          |    14 |     6 ||    20
       Song of Slaying   |    10 |     8 ||    18
  Use: Scroll            |     2 |     1 ||     3
Armor: Leather armour    |    22 |    37 ||    59
Dodge: Dodged            |    72 |    72 ||   144
Block: Other             |     5 |    17 ||    22
